 Dungeon Crawl Stone Soup version bcrawl-1.12-8-g964540c432 (webtiles) character file.

Game seed: 11112109035374382329

198694 Gumption the Unseen (level 17, -7/119 HPs)
             Began as a Dusk Walker Archaeologist on June 10, 2019.
             Was the Champion of Makhleb.
             Mangled by an alligator snapping turtle (32 damage)
             ... on level 3 of the Shoals on June 11, 2019.
             The game lasted 03:39:53 (29527 turns).

Gumption the Unseen (Dusk Walker Archaeologist)    Turns: 29527, Time: 03:39:54

Health: -7/119     AC: 29    Str: 19    XL:     17   Next: 82%
Magic:  25/25      EV:  7    Int: 12    God:    Makhleb [******]
Gold:   3061       SH: 24    Dex: 11    Spells: 16/16 levels left

rFire    + . .     SeeInvis .   a - +8 autumn katana {slice, Clar}
rCold    + . .     Gourm    .   Z - +2 large shield
rNeg     + + .     Faith    .   n - +2 plate armour {rF+}
rPois    +         Spirit   .   w - +1 helmet
rElec    .         Reflect  .   o - +2 cloak {+Inv}
rCorr    .         Harm     .   Y - +1 pair of gloves of the Guild-Master {rPois rN++ Regen+ Int-3}
MR       ++...     Clarity  +   c - +1 pair of boots
Stlth    +++++++...             (no amulet)
HPRegen  0.69/turn              L - ring of protection from cold
MPRegen  0.19/turn              u - +6 ring of slaying

@: no status effects
A: draining touch, unencumbered stealth, fangs 3, nightstalker 2
}: 1/15 runes: serpentine
a: Minor Destruction, Lesser Servant of Makhleb, Major Destruction, Greater
Servant of Makhleb, Renounce Religion, Evoke Invisibility


You were on level 3 of the Shoals.
You worshipped Makhleb.
Makhleb was exalted by your worship.
You were not hungry.

You visited 6 branches of the dungeon, and saw 26 of its levels.
You also visited: Sewer, Gauntlet and Volcano.

You collected 3165 gold pieces.
You spent 104 gold pieces at shops.

Inventory:

Hand Weapons
 a - the +8 autumn katana (weapon) {slice, Clar}

   It inflicts extra damage upon your enemies.
   It protects you against confusion.
 d - a +4 scimitar of flaming
Missiles
 j - 11 throwing nets {!f}
 A - 199 tomahawks (quivered)
Armour
 c - a +1 pair of boots (worn)
 n - a +2 plate armour of fire resistance (worn)
 o - a +2 cloak of invisibility (worn)
 w - a +1 helmet (worn)
 Y - the +1 pair of gloves of the Guild-Master (worn) {rPois rN++ Regen+ Int-3}
   (You found it in a Gauntlet)

   It affects your intelligence (-3).
   It protects you from poison.
   It greatly protects you from negative energy.
   It increases your rate of regeneration.
 Z - a +2 large shield (worn)
Jewellery
 s - an uncursed ring of flight
 u - a +6 ring of slaying (right hand)
 H - an uncursed ring of fire
 L - a ring of protection from cold (left hand)
 O - an uncursed ring of resist corrosion
Wands
 g - a wand of paralysis (22)
 m - a wand of iceblast (10)
 r - a wand of polymorph (24)
 x - a wand of digging (31)
 J - a wand of acid (40)
 K - a wand of enslavement (12)
 P - a wand of clouds (4)
Scrolls
 l - 12 scrolls of identify
 p - 11 scrolls of remove curse
 q - 4 scrolls of immolation
 z - 3 scrolls of magic mapping
 C - 5 scrolls of blinking
 G - a scroll of torment
 I - 9 scrolls of fear
 R - 6 scrolls of teleportation
 V - 4 scrolls of fog
Potions
 h - 12 potions of curing
 i - 3 potions of heal wounds
 k - 4 potions of agility
 t - 3 potions of might
 v - 3 potions of mutation
 y - 2 potions of lignification
 B - 3 potions of flight
 E - 6 potions of brilliance
 F - 3 potions of magic
 M - a potion of cancellation
 N - 2 potions of haste
 Q - 3 potions of invisibility
 T - a potion of resistance
 U - 2 potions of berserk rage
 W - a potion of ambrosia
Miscellaneous
 f - a phial of floods
 S - a lightning rod (4/4)
Comestibles
 e - 31 rations {!d}
 D - 6 chunks of flesh


   Skills:
 + Level 11.7 Fighting
 - Level 12.0 Long Blades
 + Level 13.9 Armour
 - Level 6.0 Dodging
 + Level 18.8 Stealth
 * Level 15.7 Shields
 + Level 10.6 Invocations
 + Level 11.4 Evocations


You had 16 spell levels left.
You didn't know any spells.
Your spell library contained the following spells:

 Spells                   Type           Power        Failure   Level  Hunger
 Beastly Appendage        Tmut           #.....       100%        1    ##.....
 Flame Tongue             Conj/Fire      #....        100%        1    ##.....
 Magic Dart               Conj           #...         100%        1    ##.....
 Sandblast                Erth           #.....       100%        1    ##.....
 Shock                    Conj/Air       #...         100%        1    ##.....
 Passwall                 Tmut/Erth      #.......     100%        2    ###....
 Searing Ray              Conj           #.....       100%        2    ###....
 Sticks to Snakes         Tmut           #.......     100%        2    ###....
 Swiftness                Chrm/Air       #.......     100%        2    ###....
 Conjure Flame            Conj/Fire      #.......     100%        3    ####...
 Inner Flame              Hex/Fire       N/A          100%        3    ####...
 Iskenderun's Mystic Bla  Conj           #.......     100%        3    ####...
 Spider Form              Tmut/Pois      #.........   100%        3    ####...
 Static Discharge         Conj/Air       #.......     100%        3    ####...
 Stone Arrow              Conj/Erth      #.....       100%        3    ####...
 Airstrike                Air            #.........   100%        4    #####..
 Fulminant Prism          Conj/Hex       #.........   100%        4    #####..
 Ice Form                 Ice/Tmut       #.......     100%        4    #####..
 Petrify                  Tmut/Erth      #.......     100%        4    #####..
 Sticky Flame             Conj/Fire      #.......     100%        4    #####..
 Blade Hands              Tmut           #.........   100%        5    ######.
 Fireball                 Conj/Fire      #.........   100%        5    ######.
 Irradiate                Conj/Tmut      #.........   100%        5    ######.
 Lee's Rapid Deconstruct  Erth           #.........   100%        5    ######.
 Lightning Bolt           Conj/Air       #.........   100%        5    ######.


Dungeon Overview and Level Annotations

Branches:
Dungeon (12/12)            Temple (1/1) D:7            Lair (6/6) D:8
 Shoals (3/3) Lair:3        Snake (3/3) Lair:2        Slime (0/5) Lair:6
    Orc (1/1) D:11            Elf (0/3) Orc          Vaults (0/3) D:11
 Depths (0/5) D:12

Altars:
Ashenzari
Cheibriados
Dithmenos
Elyvilon
Fedhas
Gozag
Hepliaklqana
Kikubaaqudgha
Lugonu
Makhleb
Nemelex Xobeh
Okawaru
Qazlal
Ru
Sif Muna
Trog
Uskayaw
Vehumet
Wu Jian
Xom
Yredelemnul
Zin
The Shining One
Jiyva

Shops:
D:5 :   D:10 *   Orc *%[(   Shoals:2 =   Snake:2 :(

Annotations:
Lair:6 1 runed door


Innate Abilities, Weirdness & Mutations

Your attacks drain your enemies.
You move stealthily even while encumbered by armour.
You have razor-sharp teeth.
You are significantly more attuned to the shadows.


Message History

You slash the alligator snapping turtle!
You bite the alligator snapping turtle, but do no damage.
The alligator snapping turtle is lightly wounded.
The alligator snapping turtle closely misses you.
You slash the alligator snapping turtle!
You bite the alligator snapping turtle, but do no damage.
The alligator snapping turtle is moderately wounded.
The merfolk javelineer throws a javelin.
The javelin hits you!
Your shield and plate armour prevent you from hitting the alligator snapping turtle.
The alligator snapping turtle is moderately wounded.
The merfolk javelineer throws a javelin.
You block the javelin.
The alligator snapping turtle bites you!!
* * * LOW HITPOINT WARNING * * *
You slash the alligator snapping turtle!
The alligator snapping turtle is moderately wounded.
You block the merfolk javelineer's attack.
The alligator snapping turtle bites you from afar!!
You die...

#≈≈≈≈≈≈≈.≈≈≈≈....)..###≈.|÷≈≈#
#≈≈≈≈≈≈≈.≈≈≈≈≈≈≈≈...##..#.#.##
≈≈≈≈≈≈≈..≈≈≈≈≈≈≈≈≈..##...≈...#
≈≈≈≈≈≈≈....≈≈≈≈≈≈≈..≈##..≈#.##
≈≈≈≈≈≈≈......≈≈≈≈.....#######.
≈≈≈≈≈≈≈≈.....≈≈≈......#.####=.
≈≈≈≈≈≈≈≈.....≈≈...............
≈≈≈≈≈≈≈≈≈......m..............
≈≈≈≈≈≈≈≈.≈....@)t..............
≈≈≈≈≈≈≈.....<..###≈≈.#m........
≈≈≈≈≈≈.........# #####.........
≈≈≈≈≈........### ###....÷..
≈............##...≈... #....†..
.............≈##.#.#.# #.....(.
#.#..#........# ≈.}≈≈###.......
#######......##..#≈#≈≈##.......
##.≈.≈..##.....#...≈≈m(#≈≈.....≈


You could see an alligator snapping turtle and a merfolk javelineer.

Vanquished Creatures
  Polyphemus (Shoals:3)
  A kraken (Shoals:1)
  8 nagarajas
  A stone giant (Volcano)
  A minotaur (Gauntlet)
  Snorg (Lair:6)
  An ettin (D:12)
  2 merfolk impalers
  11 hydras
  4 vault guards (D:11)
  16 naga warriors
  2 centaur warriors
  3 catoblepae
  11 anacondas
  The ghost of dracos369 the Martial Artist, a journeyman OpTm of Gozag (Lair:1)
  4 merfolk avatars
  4 death yaks (Shoals:3)
  2 merfolk aquamancers (Shoals:1)
  A queen ant (Gauntlet)
  8 two-headed ogres (D:12)
  A tengu warrior (D:11)
  A death knight (D:11)
  A satyr (Shoals:2)
  4 alligator snapping turtles
  2 ogre magi (D:12)
  3 orc high priests (Orc)
  13 naga sharpshooters
  6 shock serpents
  Nergalle (Lair:4)
  2 sixfirhies (Gauntlet)
  2 salamander mystics
  5 naga ritualists
  An unseen horror (D:11)
  14 sea snakes
  Pikel (D:5)
  4 cyclopes
  7 harpies
  An oklob plant (Lair:3)
  4 orc knights (Orc)
  17 mana vipers
  5 manticores
  7 salamanders
  4 ugly things
  4 orc sorcerers
  2 molten gargoyles (Volcano)
  3 centaur zombies
  6 guardian serpents
  4 merfolk sirens
  21 elephants
  30 black mambas
  3 water nymphs
  2 gargoyles
  16 naga magi
  3 centaur skeletons
  A minotaur zombie (Gauntlet)
  14 cane toads
  3 efreet
  3 kobold demonologists
  3 komodo dragons
  10 rime drakes
  10 merfolk
  4 trolls
  2 hornets
  3 polar bears (Lair:6)
  5 blink frogs (Lair:5)
  10 slime creatures
  4 wind drakes
  Grinder (D:3)
  5 snapping turtles
  2 dream sheep (Shoals:3)
  14 hippogriffs
  A shadow (D:11)
  5 basilisks
  9 wyverns
  7 water elementals
  Sigmund (D:4)
  5 fire elementals
  Grum (Lair:1)
  13 yaks
  2 hungry ghosts
  11 steam dragons (Lair:3)
  A basilisk (shapeshifter) (D:11)
  48 nagas
  7 vampire mosquitoes (D:12)
  2 wargs
  2 acid dragons
  6 soldier ants (Gauntlet)
  3 porcupines
  A hell hound (Gauntlet)
  An ice beast (D:4)
  9 water moccasins
  Purgy (Sewer)
  A black bear (Lair:2)
  3 sky beasts
  16 orc warriors
  A phantom (D:5)
  9 ogres
  A necrophage (D:6)
  15 wolves
  13 centaurs
  12 crocodiles
  4 big kobolds
  11 bullfrogs
  3 gnoll sergeants (D:7)
  An earth elemental (Volcano)
  2 scorpions (D:9)
  7 killer bees
  5 wights (D:9)
  An electric eel (Lair:3)
  2 howler monkeys
  5 crimson imps
  A bullfrog zombie (D:7)
  2 quasits
  6 lava snakes (Volcano)
  3 gnoll shamans (D:7)
  10 hounds
  13 orc priests
  3 jellies
  25 orc wizards
  3 bullfrog skeletons
  3 iguanas
  Ijyb (D:4)
  6 worker ants
  A hound skeleton (D:8)
  A worker ant zombie (D:9)
  18 gnolls
  8 adders
  4 shadow imps
  An ooze (D:2)
  3 adder skeletons
  5 worms
  3 dart slugs
  7 leopard geckos
  63 orcs
  6 giant cockroaches
  6 goblins
  10 hobgoblins
  21 jackals
  23 kobolds
  3 quokkas
  3 ball pythons
  8 bats
  3 frilled lizards
  7 rats
  A plant (Lair:3)
  3 tentacles (Shoals:1)
909 creatures vanquished.

Vanquished Creatures (others)
  A guardian serpent (Snake:1)
  A rime drake (Lair:3)
  2 slaves (D:5)
  An orc priest (D:5)
  An orc wizard (D:5)
  An adder (D:5)
  A dart slug (D:5)
  3 orcs (D:5)
  3 fungi
  7 plants
  9 tentacles (Shoals:1)
30 creatures vanquished.

Grand Total: 939 creatures vanquished

Notes
Turn   | Place    | Note
-------+----------+-------------------------------------------
     0 | D:1      | Gumption the Dusk Walker Archaeologist began the quest for
                  | the Orb.
     0 | D:1      | Reached XP level 1. HP: 13/13 MP: 1/1
   411 | D:1      | Reached skill level 5 in Stealth
   508 | D:1      | Reached XP level 2. HP: 18/18 MP: 2/2
   684 | D:1      | Reached skill level 1 in Armour
   961 | D:1      | Reached XP level 3. HP: 23/23 MP: 3/3
  1870 | D:2      | Reached skill level 6 in Stealth
  2236 | D:2      | Gained mutation: You are slightly more attuned to the
                  | shadows. [Dusk Walker growth]
  2236 | D:2      | Reached XP level 4. HP: 29/29 MP: 4/4
  2610 | D:3      | Noticed Grinder
  3025 | D:3      | Found an ancient bone altar of Kikubaaqudgha.
  3025 | D:3      | Found a shimmering altar of Xom.
  4091 | D:4      | Reached skill level 7 in Stealth
  4091 | D:4      | Reached XP level 5. HP: 15/35 MP: 5/5
  4763 | D:4      | Noticed Ijyb
  4774 | D:4      | Killed Ijyb
  4813 | D:4      | Noticed a sky beast
  4829 | D:4      | Killed a sky beast
  4829 | D:4      | Reached skill level 8 in Stealth
  4829 | D:4      | Reached XP level 6. HP: 32/41 MP: 6/6
  4870 | D:4      | Noticed an ice beast
  4892 | D:4      | Killed an ice beast
  5117 | D:4      | Noticed Sigmund
  5120 | D:4      | Killed Sigmund
  5120 | D:4      | Reached skill level 9 in Stealth
  5120 | D:4      | Reached XP level 7. HP: 46/46 MP: 7/7
  5444 | D:5      | Entered Level 5 of the Dungeon
  5521 | D:5      | Found a glowing drain.
  5535 | Sewer    | Entered a sewer
  5643 | Sewer    | Noticed Purgy
  5656 | Sewer    | Killed Purgy
  5735 | D:5      | Found Sigump's Book Shoppe.
  5841 | D:5      | Reached skill level 5 in Dodging
  5841 | D:5      | Reached skill level 10 in Stealth
  5847 | D:5      | Noticed Pikel
  5870 | D:5      | Killed Pikel
  5870 | D:5      | Reached skill level 11 in Stealth
  5870 | D:5      | Gained mutation: You have razor-sharp teeth. [Dusk Walker
                  | growth]
  5870 | D:5      | Reached XP level 8. HP: 43/54 MP: 8/8
  6138 | D:5      | Found a snail-covered altar of Cheibriados.
  6222 | D:5      | Reached skill level 5 in Armour
  6537 | D:5      | Found an ornate altar of the Wu Jian Council.
  6661 | D:6      | Found a burning altar of Makhleb.
  6661 | D:6      | Found a sacrificial altar of Ru.
  6665 | D:6      | Reached skill level 5 in Fighting
  6690 | D:6      | Reached skill level 12 in Stealth
  6761 | D:6      | Became a worshipper of Makhleb the Destroyer
  6989 | D:6      | Reached skill level 1 in Long Blades
  7000 | D:6      | Noticed a hippogriff
  7025 | D:6      | Killed a hippogriff
  7025 | D:6      | Reached XP level 9. HP: 55/60 MP: 9/9
  7138 | D:7      | Noticed a troll
  7151 | D:7      | Killed a troll
  7302 | D:7      | Found a shadowy altar of Dithmenos.
  7501 | D:7      | Found a staircase to the Ecumenical Temple.
  7505 | Temple   | Entered the Ecumenical Temple
  7679 | D:7      | Noticed a cyclops
  7681 | D:7      | Killed a cyclops
  7681 | D:7      | Reached skill level 5 in Long Blades
  7681 | D:7      | Reached skill level 13 in Stealth
  7809 | D:7      | Reached * piety under Makhleb
  8424 | D:7      | Reached skill level 1 in Shields
  8604 | D:7      | Reached XP level 10. HP: 67/67 MP: 10/10
  8789 | D:8      | Reached ** piety under Makhleb
  8789 | D:8      | Reached skill level 14 in Stealth
  8876 | D:8      | Found a blossoming altar of Fedhas.
  8908 | D:8      | Found a staircase to the Lair.
  8925 | D:8      | Reached skill level 1 in Evocations
  8930 | D:8      | Reached skill level 1 in Invocations
  9128 | D:8      | Found a radiant altar of Vehumet.
 10082 | D:3      | Found an ancient bone altar of Kikubaaqudgha.
 10082 | D:3      | Found a shimmering altar of Xom.
 10261 | D:3      | Killed Grinder
 10434 | D:9      | Reached *** piety under Makhleb
 10448 | D:9      | Noticed a centaur warrior
 10451 | D:9      | Killed a centaur warrior
 10451 | D:9      | Reached skill level 5 in Shields
 10492 | D:9      | Found a hazy altar of Hepliaklqana.
 10507 | D:9      | Reached XP level 11. HP: 67/71 MP: 13/13
 10909 | D:9      | Found a bloodstained altar of Trog.
 11453 | D:10     | Entered Level 10 of the Dungeon
 11453 | D:10     | Noticed a red ugly thing
 11460 | D:10     | Killed a red ugly thing
 11680 | D:10     | Reached **** piety under Makhleb
 11976 | D:10     | Noticed a white ugly thing
 11994 | D:10     | Killed a white ugly thing
 11994 | D:10     | Reached skill level 10 in Long Blades
 12305 | D:10     | Found Noyxygg's Assorted Antiques.
 12312 | D:10     | Bought an amethyst potion for 32 gold pieces
 12312 | D:10     | Bought a scroll of identify for 72 gold pieces
 12381 | D:11     | Noticed a tengu warrior
 12425 | D:11     | Found a staircase to the Orcish Mines.
 12531 | D:11     | Found a gate leading to a gauntlet.
 12531 | D:11     | Noticed a purple ugly thing
 12550 | D:11     | Killed a purple ugly thing
 12565 | Gauntlet | Entered a Gauntlet
 12567 | Gauntlet | Found a transporter.
 12581 | Gauntlet | Noticed a queen ant
 12582 | Gauntlet | Found a transporter.
 12586 | Gauntlet | Found a transporter.
 12594 | Gauntlet | Noticed a sixfirhy
 12597 | Gauntlet | Found a transporter.
 12600 | Gauntlet | Found a transporter.
 12610 | Gauntlet | Found a transporter.
 12628 | Gauntlet | Noticed a sixfirhy
 12640 | Gauntlet | Noticed a death yak
 12641 | Gauntlet | Noticed a sixfirhy
 12659 | Gauntlet | Found a transporter.
 12659 | Gauntlet | Found a transporter.
 12659 | Gauntlet | Noticed an oklob plant
 12664 | Gauntlet | Found a transporter.
 12701 | Gauntlet | Found a transporter.
 12702 | Gauntlet | Found a transporter.
 12703 | Gauntlet | Noticed a death yak
 12704 | Gauntlet | Noticed a death yak
 12706 | Gauntlet | Noticed a necromancer
 12711 | Gauntlet | Noticed a sixfirhy
 12712 | Gauntlet | Found a transporter.
 12957 | Gauntlet | Killed a queen ant
 12981 | Gauntlet | Reached ***** piety under Makhleb
 13014 | Gauntlet | Got a crude granite ring
 13023 | Gauntlet | Identified the ring of Oenomania {MP+9 Str+3 Int+7 Slay-2
                  | Stlth-} (You found it in a Gauntlet)
 13048 | Gauntlet | Killed a sixfirhy
 13055 | Gauntlet | HP: 1/72 [sixfirhy (12)]
 13059 | Gauntlet | Killed a sixfirhy
 13059 | Gauntlet | Gained mutation: You are significantly more attuned to the
                  | shadows. [Dusk Walker growth]
 13059 | Gauntlet | Reached XP level 12. HP: 41/79 MP: 15/15
 13065 | Gauntlet | Got an encrusted triple sword
 13264 | Gauntlet | Got a pair of fine gloves
 13266 | Gauntlet | Got a translucent chain mail
 13281 | Gauntlet | Identified the +1 pair of gloves of the Guild-Master {rPois
                  | rN++ Regen+ Int-3} (You found it in a Gauntlet)
 13291 | Gauntlet | Identified the +0 chain mail of Sovereignty {rC+ Regen+}
                  | (You found it in a Gauntlet)
 13326 | Gauntlet | Identified the +10 quarterstaff "Grom" {flame, rElec Str+4
                  | Dex+4}
 13326 | Gauntlet | Noticed a minotaur
 13339 | Gauntlet | Killed a minotaur
 13339 | Gauntlet | Reached skill level 5 in Evocations
 13625 | D:11     | Killed a tengu warrior
 14039 | D:11     | Found a gate to the Vaults.
 14039 | D:11     | Noticed a four-headed hydra
 14039 | D:11     | Noticed a vault guard
 14039 | D:11     | Noticed a vault guard
 14039 | D:11     | Noticed a vault guard
 14053 | D:11     | Noticed a vault guard
 14053 | D:11     | Noticed a death knight
 14089 | D:11     | Noticed a centaur warrior
 14097 | D:11     | Killed a centaur warrior
 14097 | D:11     | Reached skill level 5 in Invocations
 14244 | D:11     | Noticed a catoblepas
 14257 | D:11     | Killed a catoblepas
 14609 | Lair:1   | Entered Level 1 of the Lair of Beasts
 14614 | Lair:1   | Noticed an eight-headed hydra
 14670 | D:8      | Killed an eight-headed hydra
 14791 | Lair:1   | Found a dark tunnel.
 14850 | Volcano  | Entered a volcano
 15229 | Volcano  | Found a burning altar of Makhleb.
 15303 | Volcano  | Noticed a stone giant
 15306 | Volcano  | Killed a stone giant
 15306 | Volcano  | Reached XP level 13. HP: 85/85 MP: 17/17
 15477 | Lair:1   | Reached skill level 10 in Armour
 15533 | Lair:1   | Found a runed translucent door.
 15633 | Lair:1   | Noticed Grum
 15645 | Lair:1   | Killed Grum
 15976 | Lair:1   | Noticed dracos369's ghost (journeyman OpTm)
 16002 | Lair:1   | Killed dracos369's ghost
 16002 | Lair:1   | Reached skill level 10 in Shields
 16516 | Lair:2   | Found a staircase to the Snake Pit.
 16598 | Lair:2   | Reached ****** piety under Makhleb
 17490 | Lair:3   | Found a staircase to the Shoals.
 18260 | Lair:4   | Noticed Nergalle
 18272 | Lair:4   | Killed Nergalle
 19191 | Lair:5   | Reached XP level 14. HP: 94/94 MP: 19/19
 19202 | Lair:5   | Reached skill level 15 in Stealth
 19859 | Lair:6   | Entered Level 6 of the Lair of Beasts
 20545 | Lair:6   | Noticed Snorg
 20554 | Lair:6   | Killed Snorg
 20600 | Lair:6   | Found a runed door.
 20602 | Lair:6   | Found a viscous altar of Jiyva.
 20602 | Lair:6   | Noticed an azure jelly
 20603 | Lair:6   | Found a staircase to the Slime Pits.
 21540 | D:12     | Entered Level 12 of the Dungeon
 21655 | D:12     | Found a staircase to the Depths.
 21668 | D:12     | Reached skill level 16 in Stealth
 21671 | D:12     | Reached XP level 15. HP: 77/101 MP: 21/21
 22974 | Orc      | Entered the Orcish Mines
 23337 | Orc      | Found a staircase to the Elven Halls.
 23521 | Orc      | HP: 2/102 [orc knight/+2 great sword of slicing (7)]
 23541 | Orc      | Paralysed by an orc sorcerer for 2 turns
 23776 | Orc      | Found Waxiadod's Antique Weapon Shoppe.
 23776 | Orc      | Found Xyunilea's General Store.
 23797 | Orc      | Found Xapaerie's Armour Shoppe.
 23797 | Orc      | Found Idoali's Food Shop.
 23997 | Snake:1  | Entered Level 1 of the Snake Pit
 23999 | Snake:1  | Noticed a nagaraja
 24034 | Lair:2   | Killed a nagaraja
 24408 | Snake:1  | Reached skill level 10 in Fighting
 24498 | Snake:1  | Found an opulent altar of Gozag.
 24840 | Snake:1  | Reached skill level 17 in Stealth
 25054 | Snake:2  | Reached XP level 16. HP: 109/109 MP: 23/23
 25071 | Snake:2  | Found Dizumeno's Book Shop.
 25073 | Snake:2  | Found Zogo Hifosm's Weapon Shop.
 25228 | Snake:2  | Reached skill level 10 in Evocations
 25924 | Snake:3  | Entered Level 3 of the Snake Pit
 26756 | Snake:3  | Reached skill level 18 in Stealth
 26957 | Snake:3  | Reached XP level 17. HP: 117/117 MP: 25/25
 26966 | Snake:3  | Reached skill level 10 in Invocations
 27114 | Snake:3  | Reached skill level 15 in Shields
 27204 | Snake:3  | Got a serpentine rune of Zot
 27342 | Shoals:1 | Entered Level 1 of the Shoals
 28085 | Shoals:1 | Noticed a kraken
 28139 | Shoals:1 | Killed a kraken
 28317 | Shoals:2 | Found Zinizxao's Jewellery Emporium.
 28465 | Shoals:2 | Identified the +9 ring mail of Youthful Indiscretion
                  | {Dex+5}
 29016 | Shoals:3 | Entered Level 3 of the Shoals
 29254 | Shoals:3 | Noticed Polyphemus
 29265 | Shoals:3 | Killed Polyphemus
 29527 | Shoals:3 | Mangled by an alligator snapping turtle

Skill      XL: |  1  2  3  4  5  6  7  8  9 10 11 12 13 14 15 16 17 |
---------------+----------------------------------------------------+-----
Stealth        | 5 6 7 8 9 11 12 13 14 16 17 18 | 18.8
Armour         | 1 2 3 4 5 6 7 8 9 10 11 12 13 | 13.9
Fighting       | 2 3 4 5 6 8 9 10 11 | 11.7
Dodging        | 4 5 6 |  6.0
Long Blades    | 2 7 9 10 12 | 12.0
Shields        | 1 5 7 9 11 12 13 14 15 | 15.7
Evocations     | 3 4 6 7 8 9 10 11 | 11.4
Invocations    | 2 4 5 6 8 9 10 | 10.6

Action                   |  1- 3 |  4- 6 |  7- 9 | 10-12 | 13-15 | 16-18 || total
-------------------------+-------+-------+-------+-------+-------+-------++-------
Melee: Spear             |    15 |       |       |       |       |       ||    15
       Unarmed           |     5 |     4 |       |       |       |       ||     9
       Dagger            |   196 |   247 |   384 |   147 |    18 |       ||   992
       Bite              |     8 |    18 |    38 |    59 |   116 |   110 ||   349
       Katana            |       |       |       |   486 |  1025 |   959 ||  2470
       Scimitar          |       |       |       |       |    50 |       ||    50
 Fire: Blowgun           |       |     9 |    24 |    12 |       |       ||    45
Throw: Stone             |    27 |       |       |       |       |       ||    27
       Tomahawk          |       |       |       |     3 |       |     4 ||     7
Invok: Lesser Servant of |       |       |       |       |     1 |       ||     1
 Abil: Evoke Invisibilit |       |       |     1 |     1 |       |       ||     2
Evoke: Wand              |       |       |       |       |     4 |       ||     4
  Use: Scroll            |     1 |     8 |     1 |    16 |     6 |       ||    32
       Potion            |       |     4 |       |     4 |     2 |       ||    10
 Stab: Sleeping          |    15 |    13 |    19 |    37 |    44 |    23 ||   151
       Distracted        |       |       |     1 |     2 |     3 |     1 ||     7
       Invisible         |       |       |     1 |     5 |       |       ||     6
       Paralysed         |       |       |       |       |     4 |       ||     4
       Petrified         |       |       |       |       |       |     3 ||     3
  Eat: Chunk             |     4 |     6 |    12 |    14 |    22 |    13 ||    71
       Ration            |       |     1 |       |     3 |     2 |     1 ||     7
Armor: Robe              |    71 |       |       |       |       |       ||    71
       Ring mail         |    18 |    96 |       |       |       |       ||   114
       Scale mail        |       |    11 |       |       |       |       ||    11
       Chain mail        |       |       |   264 |   199 |   260 |       ||   723
       Plate armour      |       |       |       |       |    96 |   225 ||   321
Dodge: Dodged            |   149 |   165 |   181 |   121 |   162 |    82 ||   860
Block: Shield            |       |       |    31 |   306 |   635 |       ||   972
       Large shield      |       |       |       |       |   104 |   774 ||   878
